 Dungeon Crawl Stone Soup version 0.28.0-53-g5a82cb258f (console) character file.

Game seed: 13368671173744331157

410 erker the Digger (level 6, -3/36 HPs)
             Began as an Octopode Earth Elementalist on July 27, 2022.
             Slain by a sky beast (5 damage)
             ... on level 5 of the Dungeon.
             The game lasted 00:07:27 (4921 turns).

erker the Digger (Octopode Earth Elementalist)      Turns: 4921, Time: 00:07:27

Health: -3/36      AC:  1    Str:  8    XL:     6   Next: 89%
Magic:  3/9        EV: 13    Int: 19    God:
Gold:   218        SH:  0    Dex: 12    Spells: 2/9 levels left

rFire   + . .      SeeInvis .   a - +0 dagger
rCold   . . .      Faith    .   m - orb {light}
rNeg    . . .      Spirit   .   (helmet restricted)
rPois   +          Reflect  .   (no amulet)
rElec   .          Harm     .   p - ring of poison resistance
rCorr   .          Rampage  .   q - ring of protection from fire
Will    .....                   (no ring)
Stlth   ++........              (no ring)
HPRegen 0.12/turn               (no ring)
MPRegen 0.11/turn               (no ring)
                                (no ring)
                                (no ring)

@: glowing
A: almost no armour, amphibious, 8 rings, camouflage 1, gelatinous body 1,
(nimble swimmer 1), tentacles
a: no special abilities


You were on level 5 of the Dungeon.
You visited 2 branches of the dungeon, and saw 6 of its levels.

You collected 218 gold pieces.

Inventory:

Hand Weapons
 a - a +0 dagger (weapon)
Missiles
 b - 42 stones
Armour
 m - an orb of light (worn)
Jewellery
 p - a ring of poison resistance (left tentacle)
 q - a ring of protection from fire (right tentacle)
Scrolls
 d - a scroll of blinking {unknown}
 e - a scroll of enchant armour {unknown}
 h - 2 scrolls of immolation {unknown}
 i - a scroll of summoning {unknown}
 j - 6 scrolls of identify {unknown}
 l - 2 scrolls of brand weapon {unknown}
 n - a scroll of magic mapping {unknown}
 s - a scroll of teleportation {unknown}
Potions
 c - a potion of brilliance {unknown}
 f - 2 potions of curing {unknown}
 g - a potion of ambrosia {unknown}
 k - a potion of attraction {unknown}
 o - a potion of might {unknown}
 r - a potion of degeneration {unknown}
 t - a potion of resistance {unknown}


   Skills:
 - Level 2.0 Short Blades
 - Level 2.0 Dodging
 - Level 4.0 Stealth
 - Level 2.0 Spellcasting
 - Level 4.0 Transmutations
 + Level 5.5 Earth Magic


You had 2 spell levels left.
You knew the following spells:

 Your Spells              Type           Power      Damage    Failure   Level
a - Sandblast             Erth           44%        2d11      1%          1
p - Petrify               Tmut/Erth      19%        N/A       24%         4
w - Passwall              Tmut/Erth      15%        N/A       3%          2

Your spell library contained the following spells:

 Spells                   Type           Power      Damage    Failure   Level
 Stone Arrow              Conj/Erth      24%        3d8       16%         3


Dungeon Overview and Level Annotations

Branches:
Dungeon (5/15)             Temple (1/1) D:4

Altars:
Ashenzari
Cheibriados
Dithmenos
Elyvilon
Fedhas
Hepliaklqana
Kikubaaqudgha
Makhleb
Nemelex Xobeh
Okawaru
Qazlal
Ru
Sif Muna
Trog
Uskayaw
Vehumet
Wu Jian
Xom
Yredelemnul
Zin
The Shining One


Innate Abilities, Weirdness & Mutations

You cannot wear most types of armour.
You are amphibious.
You can wear up to eight rings at the same time.
Your skin changes colour to match your surroundings (Stealth+).
Your rubbery body absorbs attacks. (AC +1, EV +1)
((You are camouflaged when in or above water. (Stealth+)))
You have tentacles for arms and can constrict up to eight enemies at once.


Message History

There is a fountain of sparkling water here.
You start resting.
A sky beast comes into view.
A sky beast is nearby!
Casting: Sandblast (safe; 1% risk of failure)
Confirm with . or Enter, or press ? or * to list all spells.
Aiming: Sandblast (safe; 1% risk of failure)
Press: ? - help, Shift-Dir - straight line, f - sky beast
Aim: a sky beast (wandering, hasn't noticed you, haloed, 80% to hit)
The blast of sand hits the sky beast.
The sky beast is lightly wounded.
The sky beast flickers out of sight for a moment.
Casting: Sandblast (safe; 1% risk of failure)
Confirm with . or Enter, or press ? or * to list all spells.
Aiming: Sandblast (safe; 1% risk of failure)
Press: ? - help, Shift-Dir - straight line, f/p - sky beast
Aim: a sky beast (lightly wounded, slightly transparent, haloed, 80% to hit)
The blast of sand hits the sky beast!
The sky beast is moderately wounded.
The sky beast closely misses you.
Casting: Sandblast (safe; 1% risk of failure)
Confirm with . or Enter, or press ? or * to list all spells.
Aiming: Sandblast (safe; 1% risk of failure)
Press: ? - help, Shift-Dir - straight line, f/p - sky beast
Aim: a sky beast (moderately wounded, slightly transparent, haloed, 80% to hit)
The blast of sand hits the sky beast.
The sky beast is heavily wounded.
The sky beast hits you. The sky beast shocks you.
* * * LOW HITPOINT WARNING * * *
Casting: Sandblast (safe; 1% risk of failure)
Confirm with . or Enter, or press ? or * to list all spells.
Aiming: Sandblast (safe; 1% risk of failure)
Press: ? - help, Shift-Dir - straight line, f/p - sky beast
Aim: a sky beast (heavily wounded, slightly transparent, haloed, 80% to hit)
The blast of sand hits the sky beast.
The sky beast is heavily wounded.
The sky beast hits you.
* * * LOW HITPOINT WARNING * * *
The sky beast shocks you.
You die...

#### #.. #.#.### #.#<.[#
####.#.#.#.#.#
#######.............
#.....####.#.#.#.#.#
#.._..####.#.#.# #
#...Y@#....#†# .
#⌠#.#⌠#......# ##
######†###....#.......#
...............#.#######
.....$.............
..............###.#
.......######## ..#
####### #.# .#


You could see a sky beast (invisible).

Vanquished Creatures
  A centaur skeleton (D:5)
  2 hounds
  Terence (D:2)
  2 iguanas (D:4)
  Natasha (thrice) (D:2)
  2 hound skeletons
  Robin (D:2)
  4 gnolls
  2 adders
  A white imp (D:4)
  3 worms
  A dart slug (D:2)
  5 endoplasms
  2 giant cockroaches
  11 goblins
  3 hobgoblins
  4 jackals
  2 quokkas
  3 ball pythons
  6 bats
  A frilled lizard (D:1)
  5 kobolds
65 creatures vanquished.

Notes
Turn   | Place    | Note
-------+----------+-------------------------------------------
     0 | D:1      | erker the Octopode Earth Elementalist began the quest for
                  | the Orb.
     0 | D:1      | Reached XP level 1. HP: 11/11 MP: 3/3
   357 | D:2      | Reached XP level 2. HP: 17/17 MP: 5/5
   360 | D:2      | Reached skill level 1 in Short Blades
   525 | D:2      | Noticed Natasha
   529 | D:2      | Killed Natasha
   530 | D:2      | Reached XP level 3. HP: 21/21 MP: 6/6
   533 | D:2      | Learned a level 2 spell: Passwall
   930 | D:2      | Noticed Natasha
   941 | D:2      | Killed Natasha
   942 | D:2      | Reached XP level 4. HP: 12/27 MP: 1/7
  1033 | D:2      | Noticed Natasha
  1042 | D:2      | Killed Natasha
  1043 | D:2      | Reached skill level 4 in Earth Magic
  1048 | D:2      | Learned a level 4 spell: Petrify
  1231 | D:2      | Noticed Robin
  1253 | D:2      | Found a white marble altar of Elyvilon.
  1257 | D:2      | Found a faded altar of an unknown god.
  1263 | D:2      | Noticed Terence
  1279 | D:2      | Killed Terence
  1280 | D:2      | Reached XP level 5. HP: 31/31 MP: 5/8
  1416 | D:2      | Killed Robin
  3469 | D:4      | Reached XP level 6. HP: 26/36 MP: 6/9
  4218 | D:4      | Found a staircase to the Ecumenical Temple.
  4228 | D:4      | Reached skill level 5 in Earth Magic
  4232 | Temple   | Entered the Ecumenical Temple
  4842 | D:5      | Entered Level 5 of the Dungeon
  4867 | D:5      | Found a sparkling altar of Nemelex Xobeh.
  4916 | D:5      | Noticed a sky beast
  4921 | D:5      | Slain by a sky beast

Illustrated notes

Levels and vault maps discovered:
D:1:      dpeg_arrival_pits, layout_loops_ring
D:2:      layout_loops_ring, basic_altar, ebering_ecumenical_altar_webs,
          uniq_robin, uniq_natasha, uniq_terence
D:3:      layout_basic
D:4:      layout_basic, temple_hall, lightli_corner_chamber
D:5:      layout_basic, mainiacjoe_overflow_alcove_2,
          chequers_serial_rivers_micro_c
Temple:   mainiacjoe_temple_big_plus

Skill      XL: |  1  2  3  4  5  6 |
---------------+-------------------+-----
Stealth        | 3 4 |  4.0
Short Blades   | 2 |  2.0
Earth Magic    | 4 5 |  5.5
Transmutations | 2 4 |  4.0
Dodging        | |  2.0
Spellcasting   | |  2.0

Action                   |  1- 3 |  4- 6 || total
-------------------------+-------+-------++-------
Melee: Dagger            |    24 |   103 ||   127
       Constrict         |     6 |    28 ||    34
       Tentacles         |     5 |    34 ||    39
       Punch             |       |     1 ||     1
 Cast: Sandblast         |    11 |    40 ||    51
       Passwall          |       |     1 ||     1
 Stab: Sleeping          |     6 |     2 ||     8
       Distracted        |       |     1 ||     1
Armor: Skin              |     2 |     6 ||     8
Dodge: Dodged            |    13 |    65 ||    78
